 Dungeon Crawl Stone Soup version 0.18.1-6-gd335043 (webtiles) character file.

3908 kae the Archer (level 10, -5/73 HPs)
             Began as a High Elf Hunter on May 19, 2016.
             Was a Follower of Okawaru.
             Slain by an orc warrior
             ... wielding a +0 glaive
              (25 damage)
             ... on level 8 of the Dungeon.
             The game lasted 00:14:44 (10738 turns).

kae the Archer (High Elf Hunter)                   Turns: 10738, Time: 00:14:45

Health: -5/73      AC:  4    Str: 11    XL:     10   Next: 1%
Magic:  11/11      EV: 15    Int: 15    God:    Okawaru [*.....]
Gold:   134        SH:  0    Dex: 20    Spells: 0 memorised, 9 levels left

rFire  . . .     SeeInvis .     b - +0 short sword
rCold  . . .     Gourm    +     c - +0 leather armour
rNeg   . . .     Faith    .     (no shield)
rPois  .         Spirit   .     (no helmet)
rElec  .         Dismiss  .     (no cloak)
rCorr  .         Reflect  .     h - +0 pair of gloves
SustAt .         Harm     .     (no boots)
MR     +....                    g - amulet of the gourmand
Stlth  ++........               (no ring)
                                (no ring)

@: somewhat resistant to hostile enchantments, unstealthy
A: no striking features
a: Heroism, Renounce Religion


You were on level 8 of the Dungeon.
You worshipped Okawaru.
Okawaru was aware of your devotion.
You were not hungry.

You visited 2 branches of the dungeon, and saw 10 of its levels.

You collected 381 gold pieces.
You spent 247 gold pieces at shops.

Inventory:

Hand Weapons
 a - a +1 shortbow
 b - a +0 short sword (weapon)
Armour
 c - a +0 leather armour (worn)
 h - a +0 pair of gloves (worn)
Jewellery
 g - an amulet of the gourmand (around neck)
 s - an uncursed ring of protection from cold {unknown}
 E - an uncursed amulet of rage {unknown}
 F - an uncursed ring of protection from cold {unknown}
 G - a +4 ring of dexterity {unknown}
Wands
 o - a wand of iceblast (5/15)
 C - a wand of iceblast (10/15)
Scrolls
 i - 3 scrolls of teleportation
 r - a scroll of remove curse {unknown}
 x - a scroll of fog
 y - a scroll of identify
 z - a scroll of enchant armour {unknown}
 A - a scroll of enchant weapon {unknown}
 I - a scroll of fear {unknown}
Potions
 e - a potion of resistance
 j - 3 potions of brilliance
 l - 2 potions of cancellation {unknown}
 m - a potion of flight {unknown}
 q - 3 potions of lignification
 u - 2 potions of degeneration {unknown}
 v - 6 potions of curing
 D - a potion of haste
 H - a potion of heal wounds
Books
 B - the Handbook of the Frostbite and the Mountains
   (You found it on level 8 of the Dungeon)

   Spells                             Type                      Level
   a - Ensorcelled Hibernation        Hexes/Ice                    2
   b - Ozocubu's Armour               Charms/Ice                   3
   c - Simulacrum                     Ice/Necromancy               6
   d - Statue Form                    Transmutation/Earth          6
Comestibles
 f - 6 bread rations
 k - 2 beef jerkies
 n - a royal jelly
 p - 7 meat rations
 t - a slice of pizza
 w - 4 fruits


   Skills:
 + Level 8.6 Fighting
 - Level 14.1 Bows
 + Level 2.8 Armour
 + Level 4.3 Dodging
 - Level 1.1 Stealth


You had 9 spell levels left.
You didn't know any spells.

Dungeon Overview and Level Annotations

Branches:
Dungeon (9/15)             Temple (1/1) D:6
   Lair: D:8-11         Orc: D:9-12

Altars:
Ashenzari
Cheibriados
Dithmenos
Elyvilon
Fedhas
Gozag
Kikubaaqudgha
Makhleb
Nemelex Xobeh
Okawaru
Pakellas
Qazlal
Ru
Sif Muna
Trog
Vehumet
Xom
Yredelemnul
Zin
The Shining One

Shops:
D:8 !

Annotations:
D:5 Lovchig's ghost, novice MiFi


Message History

Drink which item? (? for menu, Esc to quit)
Okay, then.
You hit the orc but do no damage. The orc hits you but does no damage.
The orc warrior closely misses you.
You closely miss the orc.
The orc is heavily wounded.
The orc closely misses you. The orc barely misses you.
The orc warrior closely misses you.
You hit the orc.
The orc is severely wounded.
The orc warrior hits you from afar with a glaive.
The orc hits you but does no damage. The orc closely misses you.
You hit the orc.
The orc is almost dead.
The orc warrior hits you from afar with a glaive!
The orc closely misses you. The orc hits you with a flail.
* * * LOW HITPOINT WARNING * * *
The orc barely misses you.
The orc warrior hits you from afar with a glaive!!
You die...

#.#####.##...##........
## #.#
....((.###........ ..
... ......(.# #†.......
.# ###.(### #........
.# ##(#####........
.#######
####(((..##..(.....
......W.
....o.........>#### .#
##oo...#####.# .######.
#@.(..# .# .8......
#.(.(.# .# ...#####
#(...(# ........
.....(.(.. ..########
######.#### ..........
... .#.###### ...#
......# .... ..###.#


You could see an orc warrior and 2 orcs.

Vanquished Creatures
  Pikel (D:4)
  A troll (D:9)
  Prince Ribbit (D:5)
  Grinder (D:6)
  Sigmund (D:3)
  Eustachio (D:4)
  A hippogriff (D:7)
  An ice beast (D:7)
  3 slaves (D:4)
  A black bear (D:9)
  An eye of draining (D:8)
  2 phantoms
  A sky beast (D:6)
  An ogre (D:4)
  2 centaurs
  A giant frog (D:6)
  4 scorpions
  5 crimson imps
  5 hounds
  2 jellies
  4 orc priests
  A giant frog zombie (D:5)
  2 giant frog skeletons
  A gnoll shaman (D:6)
  4 orc wizards
  2 iguanas
  8 worker ants
  3 hound skeletons
  A howler monkey zombie (D:5)
  3 gnolls (D:6)
  14 adders
  A shadow imp (D:4)
  2 oozes (D:3)
  3 adder skeletons
  4 worms
  A dart slug (D:4)
  11 giant geckos
  31 orcs
  A ball python (D:1)
  11 giant cockroaches
  6 goblins
  6 hobgoblins
  6 jackals (D:2)
  6 kobolds
  3 quokkas
  A ball python skeleton (D:6)
  9 bats
  2 giant gecko skeletons (D:7)
  6 giant newts
  A jackal skeleton (D:4)
  2 jackal zombies
  2 quokka skeletons (D:4)
  9 rats
203 creatures vanquished.

Vanquished Creatures (others)
  An orc wizard (D:4)
  An iguana (D:4)
  2 orcs (D:4)
  A giant gecko skeleton (D:4)
5 creatures vanquished.

Grand Total: 208 creatures vanquished

Notes
Turn   | Place    | Note
--------------------------------------------------------------
     0 | D:1      | kae the High Elf Hunter began the quest for the Orb.
     0 | D:1      | Reached XP level 1. HP: 14/14 MP: 2/2
   661 | D:2      | Reached XP level 2. HP: 19/19 MP: 3/3
   670 | D:2      | Reached skill level 6 in Bows
   686 | D:2      | Found a shattered altar of Ashenzari.
  1012 | D:2      | Found a blossoming altar of Fedhas.
  1021 | D:2      | Found a shadowy altar of Dithmenos.
  1028 | D:2      | Found a glowing golden altar of the Shining One.
  1028 | D:2      | Found a sparkling altar of Nemelex Xobeh.
  1041 | D:2      | Found a deep blue altar of Sif Muna.
  1138 | D:2      | Reached XP level 3. HP: 24/25 MP: 4/4
  1183 | D:2      | Found a faded altar to an unknown god.
  1772 | D:2      | Found a bloodstained altar of Trog.
  1948 | D:3      | Reached XP level 4. HP: 30/30 MP: 5/5
  2067 | D:3      | Reached skill level 7 in Bows
  2406 | D:3      | Reached XP level 5. HP: 11/36 MP: 6/6
  2624 | D:3      | Noticed Sigmund
  2824 | D:3      | Reached skill level 8 in Bows
  3211 | D:3      | Killed Sigmund
  3211 | D:3      | Reached XP level 6. HP: 23/43 MP: 7/7
  3327 | D:3      | Reached skill level 9 in Bows
  3643 | D:4      | Reached XP level 7. HP: 49/49 MP: 8/8
  3945 | D:4      | Noticed Pikel
  4563 | D:4      | Noticed Eustachio
  4583 | D:4      | Killed Eustachio
  4583 | D:4      | Reached skill level 5 in Fighting
  4583 | D:4      | Reached skill level 10 in Bows
  5163 | D:4      | Killed Pikel
  5163 | D:4      | Reached skill level 11 in Bows
  5163 | D:4      | Reached XP level 8. HP: 46/57 MP: 9/9
  6125 | D:5      | Entered Level 5 of the Dungeon
  6388 | D:5      | Noticed Lovchig's ghost (novice MiFi)
  6409 | D:4      | Reached skill level 12 in Bows
  6513 | D:5      | Noticed Prince Ribbit
  6535 | D:5      | Killed Prince Ribbit
  7683 | D:6      | Reached skill level 13 in Bows
  7910 | D:6      | Reached XP level 9. HP: 57/64 MP: 10/10
  7970 | D:6      | Found a staircase to the Ecumenical Temple.
  8026 | Temple   | Entered the Ecumenical Temple
  8147 | Temple   | Became a worshipper of Warmaster Okawaru
  8590 | D:6      | Noticed Grinder
  8607 | D:6      | Killed Grinder
  8852 | D:6      | Found a basalt altar of Yredelemnul.
  9200 | D:7      | Reached skill level 14 in Bows
  9852 | D:7      | Reached * piety under Okawaru
  9852 | D:7      | Reached skill level 1 in Armour
  9889 | D:7      | You fall through a shaft for 2 floors!
  9894 | D:9      | Noticed a troll
  9911 | D:9      | Killed a troll
 10285 | D:8      | Identified the Handbook of the Frostbite and the Mountains
 10313 | D:8      | Found Fewk's Distillery.
 10323 | D:8      | Bought a potion of curing for 39 gold pieces
 10323 | D:8      | Bought a potion of heal wounds for 65 gold pieces
 10323 | D:8      | Bought a potion of heal wounds for 65 gold pieces
 10323 | D:8      | Bought a potion of curing for 39 gold pieces
 10323 | D:8      | Bought a potion of curing for 39 gold pieces
 10684 | D:8      | Reached XP level 10. HP: 29/73 MP: 11/11
 10738 | D:8      | Slain by an orc warrior

Skill      XL: |  1  2  3  4  5  6  7  8  9 |
---------------+----------------------------+-----
Bows           | 6 7 8 9 11 13 14 | 14.1
Fighting       | 3 4 6 7 8 |  8.6
Armour         | 2 |  2.8
Dodging        | 4 |  4.3
Stealth        | |  1.1

Action                   |  1- 3 |  4- 6 |  7- 9 | 10-12 || total
-------------------------+-------+-------+-------+-------++-------
Melee: Short sword       |    92 |    27 |   150 |     4 ||   273
 Fire: Shortbow          |    47 |   106 |   582 |    18 ||   753
Invok: Heroism           |       |       |     1 |       ||     1
  Use: Scroll            |     5 |     6 |     1 |       ||    12
       Potion            |       |     2 |     4 |     1 ||     7
 Stab: Sleeping          |     4 |       |     1 |       ||     5
       Distracted        |     1 |       |       |       ||     1
  Eat: Chunk             |    11 |     3 |    18 |       ||    32
Armor: Leather armour    |    35 |    13 |    67 |     2 ||   117
Dodge: Dodged            |    79 |    63 |   218 |    15 ||   375
